 Dungeon Crawl Stone Soup version 0.24.1-11-gbbbb2193e6 (webtiles) character file.

Game seed: 1614905464176330656, levelgen mode: deterministic

1597 Hugehornet the Changer (level 8, 0/57 HPs)
             Began as an Octopode Transmuter on May 14, 2020.
             Slain by an orc warrior
             ... wielding a +0 trident
              (20 damage)
             ... on level 6 of the Dungeon.
             The game lasted 00:16:32 (9888 turns).

Hugehornet the Changer (Octopode Transmuter)        Turns: 9888, Time: 00:16:33

Health: 0/57       AC:  8    Str:  9    XL:     8   Next: 93%
Magic:  12/15      EV: 10    Int: 22    God:
Gold:   34         SH:  0    Dex: 13    Spells: 1/16 levels left

rFire    x . .     SeeInvis .     - Unarmed
rCold    + + +     Gourm    .   (shield currently unavailable)
rNeg     . . .     Faith    .   (helmet currently unavailable)
rPois    +         Spirit   .   (no amulet)
rElec    .         Reflect  .   (no ring)
rCorr    .         Harm     .   (no ring)
MR       .....                  (no ring)
Stlth    +.........             (no ring)
HPRegen  0.19/turn              (no ring)
MPRegen  0.14/turn              (no ring)
                                (no ring)
                                (no ring)

@: brilliant, ice-form
A: large, almost no armour, stealthy swim, amphibious, 8 rings, (constrict 8)
a: End Transformation


You were on level 6 of the Dungeon.
You were not hungry.
You were a creature of crystalline ice.
You visited 1 branch of the dungeon, and saw 6 of its levels.
You also visited: Sewer.

You collected 310 gold pieces.
You spent 276 gold pieces at shops.

Inventory:

Missiles
 a - 70 arrows
Armour
 s - a +0 buckler
Wands
 n - a wand of paralysis (11)
Scrolls
 d - a scroll of remove curse {unknown}
 h - 2 scrolls of enchant weapon
 j - 5 scrolls of teleportation
 k - a scroll of magic mapping
 m - 2 scrolls of fog {unknown}
 o - 2 scrolls of fear {unknown}
 p - a scroll of immolation {unknown}
 q - a scroll of identify
 r - a scroll of blinking {unknown}
Potions
 b - 2 potions of brilliance
 e - 2 potions of flight
 f - 2 potions of lignification {unknown}
 g - 2 potions of magic {unknown}
 i - a potion of invisibility {unknown}
 l - 2 potions of might
Comestibles
 c - 5 rations


   Skills:
 - Level 1.0 Fighting
 - Level 2.0 Dodging
 + Level 5.3 Unarmed Combat
 + Level 4.7 Spellcasting
 * Level 6.1 Transmutations
 + Level 5.2 Ice Magic
 - Level 3.9 Poison Magic


You had one spell level left.
You knew the following spells:

 Your Spells              Type           Power        Failure   Level  Hunger
a - Beastly Appendage     Tmut           #####.       1%          1    None
b - Sticks to Snakes      Tmut           #####...     1%          2    None
c - Spider Form           Tmut/Pois      #####.....   1%          3    ##.....
d - Ice Form              Ice/Tmut       #####...     1%          4    ####...
e - Blade Hands           Tmut           #####.....   2%          5    #####..

Your spell library contained the following spells:

 Spells                   Type           Power        Failure   Level  Hunger


Dungeon Overview and Level Annotations

Branches:
Dungeon (6/15)              Sewer (visited)
 Temple: D:4-7

Altars:
Fedhas
Makhleb
Nemelex Xobeh
The Shining One

Shops:
D:4 :   D:6 !

Annotations:
D:3 exclusion: downstairs


Innate Abilities, Weirdness & Mutations

You cannot wear most types of armour.
You are very stealthy in the water. (Stealth+)
You are amphibious.
You can wear up to eight rings at the same time.
((You can use your tentacles to constrict eight enemies at once.))
((Your skin changes colour to match your surroundings (Stealth+).))
((Your rubbery body absorbs attacks. (AC +1, EV +1)))
((You are partially covered in thin metallic scales. (AC +2)))
((You are covered in fur. (AC +1)))
((You are resistant to electric shocks. (rElec)))


Message History

You closely miss the orc warrior.
The orc warrior is heavily wounded.
The orc wizard gestures wildly while chanting.
The orc wizard seems to speed up.
The orc warrior hits you with a +0 trident!!
You barely miss the orc warrior.
The orc warrior is heavily wounded.
The orc warrior completely misses you.
You completely miss the orc warrior.
The orc warrior is heavily wounded.
The orc wizard miscasts a cantrip.
You hit the orc warrior but do no damage.
The orc warrior is heavily wounded.
The orc warrior misses you. The orc wizard closely misses you.
Okay, then.
You punch the orc warrior! You freeze the orc warrior.
The orc warrior is almost dead.
The orc wizard hits you but does no damage.
The orc warrior hits you with a +0 trident!!
You die...

.#..##.# #.....##.#[....#.#
)##.##.# #.....##.#.......#
[##.##.# #.....##[[....####
<##.##.# #.....####[####
.##.##.# #..........# .......#
#.....####.# ###.#### #.....#
#.# #.# #############.#
#.###...###...Yo..##
###...........##o....## #######
.?#####...#####.o..^..####.....#
#.# ######.........).........##
#.# ##.#.........>......... #.#
#............#.......## #.####
#.(.#................# .....#
#...##.....###.....### #?.#.##
#.{.###...####.....####


You could see an orc warrior and 2 orc wizards.

Vanquished Creatures
  Grinder (D:4)
  Sigmund (D:2)
  An ogre (D:4)
  A bullfrog (D:6)
  A scorpion (D:4)
  A howler monkey (D:5)
  5 crimson imps
  2 hounds
  2 centaur skeletons
  3 orc priests
  2 iguanas (D:5)
  4 worker ants
  Natasha (thrice) (D:2)
  4 orc wizards
  2 hound skeletons
  A worker ant zombie (D:6)
  9 adders
  2 oozes (Sewer)
  An adder zombie (D:5)
  An adder skeleton (D:6)
  A dart slug (D:4)
  11 worms
  5 leopard geckos
  12 orcs
  14 bats
  12 giant cockroaches
  12 goblins
  13 hobgoblins
  20 jackals
  3 quokkas
  2 ball pythons
  9 frilled lizards
  11 kobolds
  A quokka skeleton (D:6)
  10 rats
183 creatures vanquished.

Notes
Turn   | Place    | Note
-------+----------+-------------------------------------------
     0 | D:1      | Hugehornet the Octopode Transmuter began the quest for the
                  | Orb.
     0 | D:1      | Reached XP level 1. HP: 13/13 MP: 3/3
   233 | D:1      | Reached XP level 2. HP: 11/18 MP: 3/5
   448 | D:1      | Learned a level 2 spell: Sticks to Snakes
   978 | D:1      | Reached skill level 3 in Transmutations
   984 | D:1      | Reached XP level 3. HP: 22/23 MP: 4/6
   989 | D:1      | Learned a level 3 spell: Spider Form
  1693 | D:2      | Reached skill level 1 in Poison Magic
  1694 | D:2      | Noticed Natasha
  1822 | D:2      | Killed Natasha
  1822 | D:2      | Reached XP level 4. HP: 19/28 MP: 4/8
  1940 | D:2      | Noticed Sigmund
  1954 | D:2      | Killed Sigmund
  1954 | D:2      | Reached XP level 5. HP: 14/33 MP: 6/9
  2132 | D:2      | Learned a level 4 spell: Ice Form
  2157 | D:2      | Reached XP level 6. HP: 38/38 MP: 10/10
  2787 | D:2      | Noticed Natasha
  2799 | D:2      | Killed Natasha
  2799 | D:2      | Reached skill level 1 in Ice Magic
  2987 | D:2      | Noticed Natasha
  2996 | D:2      | Killed Natasha
  3145 | D:2      | Found a burning altar of Makhleb.
  3145 | D:2      | Found a blossoming altar of Fedhas.
  3949 | D:3      | Found a sparkling altar of Nemelex Xobeh.
  4495 | D:4      | Noticed Grinder
  4785 | D:4      | Reached XP level 7. HP: 17/43 MP: 9/12
  5075 | D:4      | Reached skill level 4 in Transmutations
  5806 | D:4      | Killed Grinder
  5806 | D:4      | Reached XP level 8. HP: 29/48 MP: 12/14
  5966 | D:4      | Found Xuelyc's Book Emporium.
  6167 | D:5      | Entered Level 5 of the Dungeon
  6182 | D:5      | Reached skill level 5 in Transmutations
  6186 | D:5      | Found a blossoming altar of Fedhas.
  6327 | D:5      | Found a glowing golden altar of the Shining One.
  6437 | D:5      | Found a glowing drain.
  6441 | Sewer    | Entered a sewer
  6686 | Sewer    | Learned a level 5 spell: Blade Hands
  7892 | D:5      | Reached skill level 5 in Unarmed Combat
  8590 | D:6      | Found Nuememm's Distillery.
  8593 | D:6      | Bought a potion of mutation for 96 gold pieces
  8593 | D:6      | Bought a potion of flight for 36 gold pieces
  8593 | D:6      | Bought a potion of degeneration for 12 gold pieces
  8593 | D:6      | Bought a potion of curing for 36 gold pieces
  8598 | D:6      | Gained mutation: Your natural rate of healing is unusually
                  | fast. [potion of mutation]
  8598 | D:6      | Gained mutation: You expend magic power (3 MP) to
                  | strengthen your wands. [potion of mutation]
  8599 | D:6      | Bought a potion of mutation for 96 gold pieces
  8599 | D:6      | Lost mutation: You expend magic power (3 MP) to strengthen
                  | your wands. [potion of mutation]
  8599 | D:6      | Lost mutation: Your natural rate of healing is unusually
                  | fast. [potion of mutation]
  8599 | D:6      | Gained mutation: You are resistant to electric shocks.
                  | (rElec) [potion of mutation]
  8599 | D:6      | Gained mutation: You are partially covered in thin metallic
                  | scales. (AC +2) [potion of mutation]
  8599 | D:6      | Gained mutation: You are covered in fur. (AC +1) [potion of
                  | mutation]
  8939 | D:6      | Reached skill level 5 in Ice Magic
  9251 | D:6      | Reached skill level 6 in Transmutations
  9888 | D:6      | Slain by an orc warrior

Levels and vault maps discovered:
D:1:      dpeg_arrival_rooms_a, layout_loops_corners, serial_park_tiny_pond
D:2:      minmay_chambers_of_twos, layout_loops_ring,
          gammafunk_temple_overflow_wave, item_on_display_b, uniq_sigmund,
          uniq_natasha
D:3:      layout_basic, nemelex_altar_shiori
D:4:      layout_basic, serial_shops, nicolae_shop_competitors_out_of_business,
          minmay_hedge_maze, uniq_grinder
D:5:      layout_rooms, tso_metal_star, first_ration, gup_sewer_entry_spiral,
          serial_co_window_serial, co_window_cross_1,
          co_window_of_opportunity_a, co_window_corner_a, co_window_corner_a,
          co_window_cross_1, co_window_broadway_a, co_window_unsneaky_path_e,
          co_window_broadway_b, co_window_broadway_b, co_window_2corner,
          co_window_corner_b, fedhas_altar_3
D:6:      layout_loops_cross, serial_shops, nicolae_shop_behind_doors,
          uniq_pikel

Skill      XL: |  1  2  3  4  5  6  7  8 |
---------------+-------------------------+-----
Transmutations | 3 4 6 |  6.1
Poison Magic   | 2 3 |  3.9
Spellcasting   | 3 4 |  4.7
Unarmed Combat | 4 5 |  5.3
Ice Magic      | 2 3 5 |  5.2
Fighting       | |  1.0
Dodging        | |  2.0

Action                   |  1- 3 |  4- 6 |  7- 9 || total
-------------------------+-------+-------+-------++-------
Melee: Unarmed           |    70 |   159 |   300 ||   529
       Constrict         |    24 |    35 |    54 ||   113
       Kick              |    17 |    19 |    47 ||    83
       Tentacles         |     8 |    19 |    31 ||    58
       Punch             |     1 |     3 |     3 ||     7
 Cast: Beastly Appendage |    25 |    30 |    36 ||    91
       Spider Form       |     1 |     5 |    11 ||    17
       Ice Form          |       |       |     1 ||     1
 Abil: End Transformatio |       |       |     2 ||     2
  Use: Scroll            |       |     2 |     5 ||     7
       Potion            |       |       |     7 ||     7
 Stab: Sleeping          |     4 |     8 |     4 ||    16
       Distracted        |     1 |       |       ||     1
  Eat: Chunk             |     3 |    10 |     7 ||    20
       Ration            |       |       |     3 ||     3
Armor: Skin              |     3 |     2 |    26 ||    31
Dodge: Dodged            |    36 |    99 |   208 ||   343
Block: Buckler           |       |       |     1 ||     1
